 Dungeon Crawl Stone Soup version 0.30-a0-918-g0ff054e9dc (webtiles) character file.

Game seed: 17989672424380426780

98 Iniera the Poker (level 4, -4/28 HPs)
             Began as a Tengu Fighter on Mar 20, 2023.
             Killed by divine providence
             ... invoked by an orc priest
              (12 damage)
             ... on level 3 of the Dungeon.
             The game lasted 00:02:39 (1636 turns).

Iniera the Poker (Tengu Fighter)                    Turns: 1636, Time: 00:02:39

Health: -4/28      AC:  8    Str: 19    XL:     4   Next: 69%
Magic:  5/5        EV:  9    Int:  8    God:
Gold:   119        SH:  4    Dex: 13    Spells: 3/3 levels left

rFire   . . .      SeeInvis .    a - +0 trident
rCold   . . .      Faith    .    c - +0 buckler
rNeg    + . .      Spirit   .    b - +0 scale mail
rPois   .          Reflect  .    (helmet restricted)
rElec   .          Rampage  .    i - +0 cloak
rCorr   .                        (no gloves)
Will    .....                    (boots unavailable) Stlth
                                 (no amulet)
HPRegen 0.24/turn                g - ring of positive energy
MPRegen 0.09/turn                (no ring)

@: no status effects
A: beak, talons 3
a: no special abilities


You were on level 3 of the Dungeon.
You visited 1 branch of the dungeon, and saw 3 of its levels.

You collected 119 gold pieces.

Inventory:

Hand Weapons
 a - a +0 trident (weapon)
Armour
 b - a +0 scale mail (worn)
 c - a +0 buckler (worn)
 i - a +0 cloak (worn)
Jewellery
 g - a ring of positive energy (left hand)
 o - an amulet of regeneration
Scrolls
 l - a scroll of teleportation
Potions
 d - 2 potions of might
 e - a potion of heal wounds {unknown}
 f - 2 potions of degeneration {unknown}
 h - 2 potions of brilliance {unknown}
 j - 2 potions of magic {unknown}
 k - a potion of flight {unknown}
 m - a potion of attraction {unknown}
 n - a potion of resistance {unknown}


   Skills:
 - Level 3.0 Fighting
 * Level 5.2 Polearms
 - Level 3.2 Armour
 - Level 3.0 Shields


You had 3 spell levels left.
You didn't know any spells.
Your spell library was empty.

Dungeon Overview and Level Annotations

Branches:
Dungeon (3/15)

Altars:

Shops:
D:1 =*!?


Innate Abilities, Weirdness & Mutations

You have a beak for a mouth.
You have claws for feet.


Message History

No target in view!
No target in view!
No target in view!
No target in view!
No target in view!
As you read the scroll labelled WITO QIUNLOOMI, it crumbles to dust.
You feel strangely unstable.
It was a scroll of teleportation.
Your surroundings suddenly seem different.
Found 7 stones.
A goblin comes into view. It is wielding a +0 club.
A goblin is nearby!
Found a short sword.
The goblin shouts!
You hear a shout!
An orc comes into view. It is wielding a +0 hand axe.
An orc priest comes into view. It is wielding a +0 short sword.
Found a stone staircase leading up.
The orc shouts!
The orc priest mumbles some strange prayers to Beogh against you.
Beogh smites you!
An orc comes into view. It is wielding a +0 hand axe.
You puncture the goblin!
You kill the goblin!
You reach to attack!
You puncture the orc!
You kill the orc!
The orc priest calls down the wrath of Beogh upon you.
Beogh smites you!
* * * LOW HITPOINT WARNING * * *
You are too injured to fight recklessly!
You are too injured to fight recklessly!
You are too injured to fight recklessly!
You are too injured to fight recklessly!
You are too injured to fight recklessly!
You are too injured to fight recklessly!
You are too injured to fight recklessly!
You are too injured to fight recklessly!
You are too injured to fight recklessly!
You are too injured to fight recklessly!
The orc priest calls down the wrath of Beogh upon you.
Beogh smites you!
You die...

.... .......
......... .........
......... ........###
.......$..######
...............##
.o.o....@#####..#####
.....)...# ##.....##
.<....)..# #####..# #
.........# ##.####
......).## #.....
#......## ######
..##### # # # #


You could see an orc priest and an orc.

Vanquished Creatures
  Crazy Yiuf (D:2)
  A gnoll (D:1)
  An adder (D:2)
  A worm (D:2)
  A dart slug (D:1)
  2 orcs (D:3)
  5 endoplasms
  2 giant cockroaches (D:1)
  4 goblins
  A hobgoblin (D:2)
  4 kobolds
  2 quokkas (D:2)
  6 ball pythons
  6 bats
  A frilled lizard (D:2)
  4 rats
42 creatures vanquished.

Vanquished Creatures (others)
  3 fungi (D:2)
3 creatures vanquished.

Grand Total: 45 creatures vanquished

Notes
Turn   | Place    | Note
-------+----------+-------------------------------------------
     0 | D:1      | Iniera the Tengu Fighter began the quest for the Orb.
     0 | D:1      | Reached XP level 1. HP: 14/14 MP: 2/2
    68 | D:1      | Reached skill level 3 in Polearms
    68 | D:1      | Reached XP level 2. HP: 8/19 MP: 3/3
   139 | D:1      | Found Uhuxaroi's Jewellery Emporium.
   183 | D:1      | Found Joel's Distillery.
   268 | D:1      | Reached XP level 3. HP: 23/23 MP: 4/4
   359 | D:1      | Reached skill level 4 in Polearms
   418 | D:1      | Found Uperch's General Store.
   626 | D:1      | Found Bemezae's Magic Scroll Boutique.
   745 | D:2      | Identified the +3 hammer of Cheese {flame, rPois Int+3
                  | Dex+4}
   773 | D:2      | Found a runed translucent door.
   774 | D:2      | Noticed Crazy Yiuf
   782 | D:2      | Killed Crazy Yiuf
   783 | D:2      | Reached XP level 4. HP: 16/28 MP: 5/5
  1248 | D:2      | Reached skill level 5 in Polearms
  1636 | D:3      | Killed from afar by an orc priest

Illustrated notes

Levels and vault maps discovered:
D:1:      minmay_arrival_pointy, layout_rooms, serial_glass, glass_columns_a,
          glass_columns_c, glass_columns_b, glass_columns_b, glass_columns_c,
          glass_columns_b, glass_columns_c, glass_columns_b, glass_columns_a,
          glass_columns_a, glass_columns_a, glass_columns_c, glass_columns_c,
          glass_columns_a, serial_shops, nicolae_shop_advertising_works
          [nicolae_subvault_shop_adworks], shop, shop, shop,
          serial_bayou_pond_b, st_stairs_14
D:2:      cheibrodos_old_hovel, layout_basic, uniq_crazy_yiuf_cottage
D:3:      layout_rooms, mainiacjoe_overflow_alcove_2,
          nicolae_yredelemnul_corpse_copse

Skill      XL: |  1  2  3  4 |
---------------+-------------+-----
Polearms       | 3 4 5 |  5.2
Fighting       | |  3.0
Armour         | |  3.2
Shields        | |  3.0

Action                     |  1- 3 |  4- 6 || total
---------------------------+-------+-------++-------
  Melee: Trident           |    79 |    23 ||   102
         Kick              |    17 |     3 ||    20
         Peck              |     9 |       ||     9
    Use: Scroll            |       |     1 ||     1
 Armour: Scale mail        |    17 |     4 ||    21
  Dodge: Dodged            |    15 |     2 ||    17
  Block: Buckler           |     6 |       ||     6

Table legend: (Time is in decaauts)
 A = Elapsed time spent in this place.
 B = Non-inter-level travel time spent in this place.
 C = Inter-level travel time spent in this place.
 D = Time resting spent in this place.
 E = Time spent auto-exploring this place.
 F = Levels seen in this place.
 G = Mean time per level.
                   A        B        C        D        E       F      G
               +--------+--------+--------+--------+--------+-----+--------+
         Total |   1653 |   1625 |     28 |     46 |   1298 |   3 |  551.0 |
       Dungeon |   1653 |   1625 |     28 |     46 |   1298 |   3 |  551.0 |
               +--------+--------+--------+--------+--------+-----+--------+

Top non-repeatable levels by time:
     D:2: 880 daAuts
     D:1: 666 daAuts
     D:3: 106 daAuts
